 Dungeon Crawl Stone Soup version 0.31-a0-986-g5e6e4ef867 (webtiles) character file.

Game seed: 4911660565714882969

3374 Fodor the Basher (level 9, -3/79 HPs)
             Began as a Minotaur Fighter on Nov 11, 2023.
             Was an Initiate of Gozag.
             Killed from afar by an electric eel (13 damage)
             ... with a bolt of electricity
             ... in a bailey.
             The game lasted 00:31:55 (5280 turns).

Fodor the Basher (Minotaur Fighter)                 Turns: 5280, Time: 00:31:56

Health: -3/79      AC: 14    Str: 33    XL:     9   Next: 74%
Magic:  17/17      EV: 10    Int:  5    God:    Gozag
Gold:   608        SH:  5    Dex: 10    Spells: 8/8 levels left

rFire   . . .        d - +5 dire flail
rCold   . . .        (shield currently unavailable)
rNeg    + + .        h - +0 chain mail
rPois   +            (helmet restricted)
rElec   .            (no cloak)
rCorr   .            y - +2 pair of gloves
SInv    .            (no boots)
Will    .....        q - amulet of the Sufficient God {Reflect rPois MP+9 Str+8 SH+5 Stlth-} Stlth
                     A - ring of positive energy
HPRegen 0.33/turn    D - ring of positive energy
MPRegen 0.15/turn

%: reflection
@: gold aura, studying Shields
A: horns 2, retaliatory headbutt
a: Renounce Religion, Potion Petition, Call Merchant, Bribe Branch


You were in a bailey.
You worshipped Gozag.
Gozag was pleased with you.
You visited 2 branches of the dungeon, and saw 8 of its levels.
You also visited: Bailey.

You collected 824 gold pieces.
You spent 157 gold pieces at shops.
You paid 59 gold pieces to Gozag.

Inventory:

Hand Weapons
 d - a +5 dire flail (weapon)
 t - a +0 shortbow
 z - a +0 broad axe
Missiles
 k - a datura-tipped dart (quivered)
 u - 17 poisoned darts
 E - a curare-tipped dart
Armour
 c - a +0 buckler
 h - a +0 chain mail (worn)
 y - a +2 pair of gloves (worn)
Jewellery
 q - the amulet of the Sufficient God (around neck) {Reflect rPois MP+9 Str+8 SH+5 Stlth-}
   (You found it on level 3 of the Dungeon)

   [amulet of reflection]

   Reflect:   It reflects blocked missile attacks.
   Str+8:     It affects your strength (+8).
   rPois:     It protects you from poison MP+9: It affects your magic capacity
   (+9).
   SH+5:      It affects your SH (+5).
   Stlth-:    It makes you less stealthy.
 A - a ring of positive energy (left hand)
 D - a ring of positive energy (right hand)
Scrolls
 b - 3 scrolls of blinking {unknown}
 e - 5 scrolls of teleportation
 f - a scroll of immolation {unknown}
 g - 3 scrolls of fear
 i - 5 scrolls of enchant weapon
 l - 2 scrolls of poison
 p - a scroll of enchant armour
 v - 2 scrolls of vulnerability
 x - 2 scrolls of noise {unknown}
 B - a scroll of fog {unknown}
Potions
 a - a potion of ambrosia {unknown}
 j - a potion of cancellation {unknown}
 m - 2 potions of degeneration
 n - a potion of attraction
 o - 3 potions of might
 r - a potion of resistance {unknown}
 s - a potion of haste {unknown}
 w - a potion of enlightenment {unknown}
 C - a potion of lignification


   Skills:
 + Level 7.4 Fighting
 + Level 6.9(8.8) Axes
 + Level 8.3(9.5) Maces & Flails
 + Level 1.5 Throwing
 + Level 8.2 Armour
 + Level 3.6 Dodging
 + Level 1.7 Stealth
 + Level 8.0 Shields


You had 8 spell levels left.
You didn't know any spells.
Your spell library contained the following spells:

 Spells                   Type           Power      Damage    Failure   Level
 Freeze                   Ice            0%         1d3       86%         1
 Summon Small Mammal      Summ           0%         N/A       86%         1
 Lesser Beckoning         Tloc           0%         N/A       94%         2
 Wereblood                Tmut           0%         N/A       94%         2
 Call Canine Familiar     Summ           0%         N/A       99%         3
 Frozen Ramparts          Ice            0%         1d1       99%         3
 Gell's Gravitas          Tloc           0%         N/A       99%         3
 Hailstorm                Conj/Ice       0%         3d3       99%         3
 Sigil of Binding         Hex            0%         N/A       99%         3
 Summon Guardian Golem    Hex/Summ       0%         N/A       99%         3
 Teleport Other           Tloc           0%         N/A       99%         3
 Dimensional Bullseye     Hex/Tloc       0%         N/A       100%        4
 Leda's Liquefaction      Hex/Erth       0%         N/A       100%        4
 Irradiate                Conj/Tmut      0%         3d11      100%        5


Dungeon Overview and Level Annotations

Branches:
Dungeon (7/15)             Temple (1/1) D:4          Bailey (1/1)

Altars:
Ashenzari
Dithmenos
Elyvilon
Fedhas
Gozag
Kikubaaqudgha
Nemelex Xobeh
Qazlal
Ru
Sif Muna
Trog
Wu Jian
Xom
Yredelemnul
The Shining One

Shops:
D:3 *   D:5 *

Annotations:
Temple 2 transporters


Innate Abilities, Weirdness & Mutations

You have a pair of horns on your head.
You reflexively headbutt those who attack you in melee.


Message History

You hit the orc warrior. Your headbutt misses the orc warrior.
The orc warrior is lightly wounded.
You block the orc warrior's attack.
The orc warrior hits you with a +0 war axe.
The orc warrior is distracted by your dazzling golden aura.
The orc warrior shouts!
You puncture the orc warrior!
The orc warrior is no longer distracted by gold.
You headbutt the orc warrior, but do no damage.
The orc warrior is heavily wounded.
The orc warrior closely misses you. The orc warrior barely misses you.
The orc warrior hits you but does no damage.
You barely miss the orc warrior.
The orc warrior is heavily wounded.
The orc warrior barely misses you. You furiously retaliate!
You headbutt the orc warrior!
The orc warrior hits you but does no damage.
The orc warrior hits you with a +0 broad axe!
You puncture the orc warrior!
You kill the orc warrior!
Your Shields skill increases to level 8!
The electric eel shoots out a bolt of lightning at you!
The bolt of electricity hits you. x2
Things that are here:
5 gold pieces; a +0 broad axe; a +0 plate armour The orc warrior attacks as it pursues you!
The orc warrior barely misses you.
There is a gate leading back out of this place here.
You enter the shallow water.
Moving in this stuff is going to be slow.
The electric eel shoots out a bolt of lightning at you!
The bolt of electricity hits you!
You sock the orc warrior!
You kill the orc warrior!
The orc warrior hits you with a +0 war axe!
* * * LOW HITPOINT WARNING * * *
The electric eel shoots out a bolt of lightning at you!
The bolt of electricity hits you!
You die...
Your body crumbles into a pile of gold.

#≈≈≈≈≈#.. .... #≈≈≈≈≈#..
.8$8 #≈≈≈≈≈#.#### #.(
#≈≈≈≈≈~.#)) #..
#≈≈≈≈≈~.#) #.. #≈≈≈≈≈~.#
## #≈≈≈≈≈S.######### #.
#≈≈≈≈≈~.#$.8.8..# #.
#≈≈≈≈≈~@o.......' #.
#≈≈≈≈≈~.#..8.8..# #.
#≈≈≈≈≈~.######### #.
#≈≈≈≈≈~.#..# ###
#≈≈≈≈≈~.#..# #..
#≈≈≈≈≈~.#..+ #).
#≈≈≈≈≈#.##############..
#≈≈≈≈≈#....#....)).8.8.8
#≈≈≈≈≈#...)'....)#).....


You could see an orc warrior and an electric eel.

Vanquished Creatures
  Sigmund (D:2)
  A wyvern (D:5)
  Edmund (D:4)
  A water moccasin (D:5)
  8 orc warriors (Bailey)
  4 black bears
  A sky beast (D:4)
  An ogre (D:4)
  3 centaurs
  A kobold brigand (D:7)
  3 phantoms (D:5)
  Blork the orc (D:5)
  3 scorpions
  3 wights (D:5)
  A killer bee (D:5)
  A howler monkey (D:6)
  6 hounds
  An orc wizard (D:5)
  3 iguanas
  9 adders
  6 gnolls
  A shadow imp (D:5)
  2 ufetubi (D:6)
  A worm (D:3)
  2 dart slugs
  5 orcs
  8 endoplasms
  A giant cockroach (D:4)
  14 goblins
  10 hobgoblins
  2 jackals (D:1)
  6 ball pythons
  5 bats
  4 frilled lizards
  16 kobolds
  5 rats (D:1)
141 creatures vanquished.

Vanquished Creatures (collateral kills)
  A goblin (Bailey)
  2 kobolds (D:7)
3 creatures vanquished.

Vanquished Creatures (others)
  An adder (D:4)
  An orc (Bailey)
  A goblin (Bailey)
  A kobold (D:7)
4 creatures vanquished.

Grand Total: 148 creatures vanquished

Notes
Turn   | Place    | Note
-------+----------+-------------------------------------------
     0 | D:1      | Fodor the Minotaur Fighter began the quest for the Orb.
     0 | D:1      | Reached XP level 1. HP: 19/19 MP: 0/0
   165 | D:1      | Reached XP level 2. HP: 27/27 MP: 1/1
  1198 | D:2      | Reached XP level 3. HP: 33/33 MP: 2/2
  1376 | D:2      | Noticed Sigmund
  1394 | D:2      | Killed Sigmund
  1395 | D:2      | Reached skill level 5 in Armour
  1395 | D:2      | Reached skill level 1 in Dodging
  1395 | D:2      | Reached XP level 4. HP: 30/41 MP: 3/3
  1395 | D:2      | Reached XP level 5. HP: 35/47 MP: 4/4
  2027 | D:3      | Identified the amulet of the Sufficient God {Reflect rPois
                  | MP+9 Str+8 SH+5 Stlth-}
  2049 | D:3      | Noticed a black bear
  2057 | D:3      | Killed a black bear
  2058 | D:3      | Reached skill level 5 in Axes
  2058 | D:3      | Reached XP level 6. HP: 32/53 MP: 5/5
  2167 | D:3      | Found Laimn's General Store.
  2253 | D:3      | Bought a scroll of identify for 22 gold pieces
  2550 | D:4      | Noticed Edmund
  2587 | D:4      | Killed Edmund
  2588 | D:4      | Reached skill level 5 in Shields
  2588 | D:4      | Reached XP level 7. HP: 6/60 MP: 6/6
  2640 | D:4      | Reached skill level 5 in Fighting
  2911 | D:4      | Reached skill level 1 in Throwing
  2942 | D:4      | Reached skill level 1 in Maces & Flails
  2975 | D:4      | Reached XP level 8. HP: 65/69 MP: 7/7
  3079 | D:4      | Found a staircase to the Ecumenical Temple.
  3097 | Temple   | Found a transporter.
  3097 | Temple   | Found a transporter.
  3097 | Temple   | Found a transporter.
  3097 | Temple   | Found a transporter.
  3097 | Temple   | Entered the Ecumenical Temple
  3128 | Temple   | Became a worshipper of Gozag Ym Sagoz the Greedy
  3336 | D:5      | Entered Level 5 of the Dungeon
  3514 | D:5      | Noticed Blork the orc
  3518 | D:5      | Killed Blork the orc
  3649 | D:5      | Reached skill level 5 in Maces & Flails
  3669 | D:5      | Reached skill level 1 in Stealth
  3877 | D:5      | Found Qeasoucu's General Store.
  3890 | D:5      | Bought a potion of curing for 45 gold pieces
  3890 | D:5      | Bought a scroll of identify for 30 gold pieces
  3890 | D:5      | Bought a scroll of fear for 60 gold pieces
  3939 | D:5      | Reached XP level 9. HP: 78/78 MP: 8/8
  4864 | D:7      | Found a flagged portal.
  4886 | Bailey   | Entered a bailey
  5280 | Bailey   | Killed from afar by an electric eel

Illustrated notes

Levels and vault maps discovered:
D:1:      nicolae_arrival_somewhat_less_tricky_arrival, layout_loops_corners
D:2:      layout_loops_ring, uniq_sigmund
D:3:      layout_basic, serial_shops, shop, minmay_misc_feat_secret_circle,
          nicolae_elevator_lobby_asterisk
D:4:      layout_rooms, minmay_temple_entry_statues_fountains,
          minmay_manual_mares, uniq_edmund
D:5:      kennysheep_big_flooded_room, layout_basic, serial_shops, shop,
          grunt_decor_one_mirror, nicolae_tricolors, uniq_blork_the_orc
D:6:      layout_basic
D:7:      layout_loops_ring, serial_aquarium, aquarium_bridge_straight
          [aquarium_subvault_bridge, aquarium_subvault_balcony,
          aquarium_subvault_bridge, aquarium_subvault_wall],
          aquarium_bridge_square [aquarium_subvault_bridge,
          aquarium_subvault_bridge, aquarium_subvault_bridge,
          aquarium_subvault_bridge], aquarium_window_1, aquarium_window_1,
          aquarium_view_2f, aquarium_view_2e, enter_bailey_3
Temple:   hellmonk_temple_divided_pantheon
Bailey:   bailey_axe_of_yendor_kennysheep, bailey

Skill      XL: |  1  2  3  4  5  6  7  8  9 |
---------------+----------------------------+-----
Armour         | 4 5 6 7 8 |  8.2
Shields        | 4 5 6 8 |  8.0
Fighting       | 4 5 6 7 |  7.4
Axes           | 4 5 6 |  6.9
Dodging        | 1 2 3 |  3.6
Throwing       | 1 |  1.5
Maces & Flails | 1 5 8 |  8.3
Stealth        | 1 |  1.7

Action                     |  1- 3 |  4- 6 |  7- 9 || total
---------------------------+-------+-------+-------++-------
  Melee: War axe           |    67 |    89 |       ||   156
         Headbutt          |     4 |     7 |    22 ||    33
         Dire flail        |       |       |   169 ||   169
  Throw: Dart              |       |    10 |     5 ||    15
    Use: Potion            |       |     4 |     3 ||     7
         Scroll            |       |     2 |     5 ||     7
   Stab: Distracted        |       |       |     1 ||     1
 Armour: Scale mail        |    39 |       |       ||    39
         Chain mail        |    10 |    72 |   183 ||   265
         Skin              |       |    35 |       ||    35
  Dodge: Dodged            |    33 |    46 |   132 ||   211
  Block: Buckler           |    16 |    47 |     1 ||    64
         Other             |       |       |    61 ||    61
         Reflection        |       |       |     8 ||     8

Table legend: (Time is in decaauts)
 A = Elapsed time spent in this place.
 B = Non-inter-level travel time spent in this place.
 C = Inter-level travel time spent in this place.
 D = Time resting spent in this place.
 E = Time spent auto-exploring this place.
 F = Levels seen in this place.
 G = Mean time per level.
                   A        B        C        D        E       F      G
               +--------+--------+--------+--------+--------+-----+--------+
         Total |   5324 |   5210 |    114 |    557 |      0 |   9 |  591.6 |
       Dungeon |   4882 |   4768 |    114 |    345 |      0 |   7 |  697.4 |
        Temple |     52 |     52 |      0 |      0 |      0 |   1 |   52.0 |
        Bailey |    389 |    389 |      0 |    212 |      0 |   1 |  389.0 |
               +--------+--------+--------+--------+--------+-----+--------+

Top non-repeatable levels by time:
     D:1: 1131 daAuts
     D:2: 797 daAuts
     D:5: 776 daAuts
     D:4: 741 daAuts
     D:3: 667 daAuts
     D:6: 651 daAuts
  Bailey: 389 daAuts
     D:7: 115 daAuts
  Temple: 52 daAuts
